 Dungeon Crawl Stone Soup version 0.30-a0-702-gdf48620a09 (webtiles) character file.

Game seed: 6814140153865731047

16793 hikkokomori the Thaumaturge (level 12, -9/91 HPs)
             Began as a Gnoll Fire Elementalist on Jan 22, 2023.
             Was a High Priest of Okawaru.
             Hit by a large rock thrown by a stone giant (26 damage)
             ... on level 10 of the Dungeon.
             The game lasted 00:30:34 (15959 turns).

hikkokomori the Thaumaturge (GnFE)                 Turns: 15959, Time: 00:30:35

Health: -9/91      AC:  8    Str: 16    XL:     12   Next: 41%
Magic:  23/25      EV: 15    Int: 22    God:    Okawaru [*****.]
Gold:   922        SH:  6    Dex: 12    Spells: 11/29 levels left

rFire   + . .      SeeInvis .    T - +2 broad axe (elec)
rCold   . . .      Faith    +    K - +1 buckler of the Lotus Blossom {rF+}
rNeg    . . .      Spirit   .    A - +2 robe of Contentment {Str+4 Stlth+}
rPois   .          Reflect  .    (no helmet)
rElec   .          Harm     .    y - +0 cloak
rCorr   .          Rampage  .    f - +0 pair of gloves
Will    +....                    x - +0 pair of boots
Stlth   +++++                    m - amulet of faith
HPRegen 0.35/turn                e - +6 ring of intelligence
MPRegen 0.19/turn                l - ring of willpower

@: no status effects
A: fangs 1, strong nose, distributed training
a: Renounce Religion, Heroism, Finesse, Duel


You were on level 10 of the Dungeon.
You worshipped Okawaru.
Okawaru was extremely pleased with you.
You visited 3 branches of the dungeon, and saw 12 of its levels.
You also visited: Bailey.

You collected 922 gold pieces.

Inventory:

Hand Weapons
 E - a +4 trident
 J - a +4 battleaxe
 M - a +5 vampiric falchion
 T - a +2 broad axe of electrocution (weapon)
Missiles
 F - 20 boomerangs
 O - a datura-tipped dart
 Q - a curare-tipped dart
Armour
 a - a +0 robe
 f - a +0 pair of gloves (worn)
 u - the +1 scale mail "Mijet" {Stlth+}
   (You found it on level 5 of the Dungeon)

   Stlth:     It makes you more stealthy.
 v - a +0 kite shield
 x - a +0 pair of boots (worn)
 y - a +0 cloak (worn)
 A - the +2 robe of Contentment (worn) {Str+4 Stlth+}
   (You found it on level 6 of the Dungeon)

   Str:       It affects your strength (+4).
   Stlth:     It makes you more stealthy.
 K - the +1 buckler of the Lotus Blossom (worn) {rF+}
   (You acquired it in a bailey)

   rF:        It protects you from fire.
 P - +0 steam dragon scales
Jewellery
 e - a +6 ring of intelligence (left hand)
 l - a ring of willpower (right hand)
 m - an amulet of faith (around neck)
 s - a +6 ring of strength
 D - an amulet of regeneration
 S - a ring of see invisible
Wands
 g - a wand of quicksilver (4)
 k - a wand of paralysis (10)
 B - a wand of mindburst (1)
 C - a wand of iceblast (13)
Scrolls
 H - a scroll of teleportation
 L - a scroll of magic mapping {unknown}
Potions
 b - 7 potions of magic
 c - a potion of invisibility {unknown}
 d - 2 potions of cancellation
 i - 4 potions of resistance
 j - 4 potions of mutation
 o - a potion of brilliance
 p - 3 potions of flight
 q - 2 potions of degeneration
 r - 2 potions of berserk rage
 w - 2 potions of might
 z - a potion of haste
 N - 3 potions of lignification {unknown}


   Skills:
 + Level 7.5 Fighting
 + Level 7.5 Short Blades
 + Level 7.5 Long Blades
 + Level 7.5 Axes
 + Level 7.5 Maces & Flails
 + Level 7.5 Polearms
 + Level 7.5 Staves
 + Level 7.5 Ranged Weapons
 + Level 7.5 Throwing
 + Level 7.5 Armour
 + Level 8.9 Dodging
 + Level 8.7 Stealth
 + Level 7.5 Shields
 + Level 7.5 Unarmed Combat
 + Level 9.1 Spellcasting
 + Level 6.6 Conjurations
 + Level 6.2 Hexes
 + Level 6.2 Summonings
 + Level 6.2 Necromancy
 + Level 6.2 Translocations
 + Level 6.2 Transmutations
 + Level 8.4 Fire Magic
 + Level 6.2 Ice Magic
 + Level 6.2 Air Magic
 + Level 6.2 Earth Magic
 + Level 6.2 Poison Magic
 + Level 8.2 Invocations
 + Level 7.5 Evocations


You had 11 spell levels left.
You knew the following spells:

 Your Spells              Type           Power      Damage    Failure   Level
a - Foxfire               Conj/Fire      100%       2x1d9     1%          1
b - Scorch                Fire           94%        2d10      1%          2
c - Kindle Blastsparks    Fire/Tloc/Air  80%        2d16      1%          3
d - Passage of Golubria   Tloc           37%        N/A       6%          4
e - Cause Fear            Hex            18%        N/A       6%          4
f - Flame Wave            Conj/Fire      43%        2d11      3%          4

Your spell library contained the following spells:

 Spells                   Type           Power      Damage    Failure   Level
 Freeze                   Ice            100%       1d10      1%          1
 Magic Dart               Conj           100%       1d8       1%          1
 Blink                    Tloc           74%        N/A       1%          2
 Lesser Beckoning         Tloc           74%        N/A       1%          2
 Momentum Strike          Conj/Tloc      76%        3d10      1%          2
 Searing Ray              Conj           78%        2d7       1%          2
 Dazzling Flash           Conj/Hex       76%        N/A       1%          3
 Frozen Ramparts          Ice            74%        1d12      1%          3
 Hailstorm                Conj/Ice       38%        3d9       1%          3
 Inner Flame              Hex/Fire       42%        N/A       1%          3
 Portal Projectile        Hex/Tloc       74%        N/A       1%          3
 Fulminant Prism          Conj/Hex       19%        3d10      5%          4
 Airstrike                Air            18%        2d(3-19)  6%          4
 Leda's Liquefaction      Hex/Erth       18%        N/A       6%          4
 Manifold Assault         Tloc           37%        N/A       6%          4
 Lightning Bolt           Conj/Air       19%        1d33      16%         5
 Agony                    Necr           37%        N/A       17%         5
 Silence                  Hex/Air        18%        N/A       17%         5
 Yara's Violent Unravell  Hex/Tmut       18%        3d9       17%         5
 Dispersal                Tloc           18%        N/A       67%         6
 Orb of Destruction       Conj           19%        9d8       99%         7
 Discord                  Hex            18%        N/A       100%        8
 Disjunction              Tloc           18%        N/A       100%        8
 Call Canine Familiar     Summ           Unusable   N/A       N/A         3
 Summon Guardian Golem    Hex/Summ       Unusable   N/A       N/A         3
 Tukima's Dance           Hex            Unusable   N/A       N/A         3
 Summon Lightning Spire   Summ/Air       Unusable   N/A       N/A         4
 Spellforged Servitor     Conj/Summ      Unusable   N/A       N/A         7

Dungeon Overview and Level Annotations

Branches:
Dungeon (10/15)            Temple (1/1) D:5             Orc (1/2) D:9
 Bailey (visited)
   Lair: D:8-11

Altars:
Ashenzari
Cheibriados
Dithmenos
Elyvilon
Fedhas
Gozag
Hepliaklqana
Kikubaaqudgha
Makhleb
Nemelex Xobeh
Okawaru
Qazlal
Ru
Sif Muna
Trog
Uskayaw
Vehumet
Wu Jian
Xom
Yredelemnul
Zin
The Shining One

Shops:
D:5 (


Innate Abilities, Weirdness & Mutations

You have very sharp teeth.
Your uncanny sense of smell can sniff out nearby items.
Your experience applies equally to all skills.


Message History

A wave of flame ripples out!
The tree burns like a torch!
The flame wave engulfs the stone giant but does no damage.
You hear a howl!
You hear two shouts!
You hear an angry hiss.
You are engulfed in blazing flames.
You resist. The acid dragon spits acid at you. The splash of acid hits you!
The stone giant attacks as you move away!
The stone giant hits you!!
* * * LOW HITPOINT WARNING * * *
The stone giant is engulfed in blazing flames.
The two-headed ogre is engulfed in a forest fire.
Okay, then.
The stone giant is engulfed in blazing flames.
The stone giant throws a large rock.
You block the large rock.
The two-headed ogre is engulfed in blazing flames.
The acid dragon is engulfed in blazing flames.
The acid dragon is engulfed in blazing flames.
The stone giant is engulfed in blazing flames.
The two-headed ogre is engulfed in blazing flames.
Aiming: Paralyse
Press: ? - help, Shift-Dir - straight line, f - stone giant
Aim: a stone giant, quivering large rocks (flame, moderately wounded, chance to affect: 18%)
Okay, then.
The stone giant is engulfed in blazing flames.
The two-headed ogre is engulfed in blazing flames.
You kill the two-headed ogre!
Okawaru accepts your kill.
The acid dragon is engulfed in a forest fire.
You kill the acid dragon!
Okawaru accepts your kill.
As you read the scroll of fog, it crumbles to dust.
The scroll dissolves into smoke.
Things that are here:
a +0 short sword; 4 poisoned darts Blink to where?
Press: ? - help, Dir - move target
As you read the scroll labelled XAYN DUSYFIAXT, it crumbles to dust.
It was a scroll of blinking.
The stone giant throws a large rock.
The large rock hits you!!
You die...

#### #####..########
..............# ..............#
..............# #########
..............###########........
............(....................
.................................
.........)..C...@................
.########.########...............
.#♣♣♣§.).§§...♣♣♣#...............
.#♣....§C§§§.♣..♣#........###....
.#.♣♣§§§§§§..§♣♣.#........#.#####
.#♣...§§§§§§....♣#........#......
.#♣♣♣..§§§§§..♣♣♣#........#......
## ####♣§♣##############.#......
∆ #.§§§.# ♣.♣ ♣♣.♣ #.#......


You could see a stone giant.

Vanquished Creatures
  An orc warlord (Bailey)
  3 two-headed ogres
  A skeletal warrior (D:10)
  A deep elf pyromancer (D:9)
  A cane toad (shapeshifter) (D:10)
  An unseen horror (D:10)
  A komodo dragon (D:10)
  2 kobold demonologists (D:9)
  Maggie (D:10)
  5 trolls
  A hornet (D:10)
  2 shadows
  A wraith (D:9)
  A culicivora (shapeshifter) (D:8)
  A vampire (D:10)
  22 yaks
  A wyvern (D:10)
  6 steam dragons
  Menkaure (D:6)
  A warg (Orc:1)
  2 acid dragons (D:10)
  2 water moccasins
  7 ice beasts
  A sky beast (D:6)
  12 orc warriors
  2 black bears
  4 ogres
  A centaur (D:9)
  5 kobold brigands
  A gnoll sergeant (D:5)
  5 bullfrogs
  A scorpion (D:5)
  4 wights
  6 killer bees
  6 electric eels (D:8)
  A howler monkey (D:8)
  3 hounds (D:5)
  A jelly (D:5)
  3 orc priests
  2 gnoll boudas (D:5)
  5 iguanas
  10 orc wizards
  8 adders
  10 gnolls
  A shadow imp (D:5)
  A white imp (D:7)
  An ufetubus (D:5)
  2 worms
  5 dart slugs
  38 orcs
  4 ball pythons
  2 endoplasms
  2 giant cockroaches (D:1)
  11 goblins
  5 hobgoblins
  2 jackals (D:5)
  5 quokkas
  2 bats (D:1)
  A frilled lizard (D:1)
  34 kobolds
  6 rats
278 creatures vanquished.

Vanquished Creatures (collateral kills)
  7 foxfires
7 creatures vanquished.

Vanquished Creatures (others)
  448 foxfires
  12 plants
460 creatures vanquished.

Grand Total: 745 creatures vanquished

Notes
Turn   | Place    | Note
-------+----------+-------------------------------------------
     0 | D:1      | hikkokomori the Gnoll Fire Elementalist began the quest for
                  | the Orb.
     0 | D:1      | Reached XP level 1. HP: 13/13 MP: 6/6
   157 | D:1      | Reached XP level 2. HP: 19/19 MP: 4/7
  1325 | D:2      | Reached skill level 5 in Spellcasting
  1325 | D:2      | Reached XP level 3. HP: 21/25 MP: 5/9
  1368 | D:2      | Reached skill level 1 in Invocations
  1973 | D:2      | Reached skill level 1 in Fighting
  1973 | D:2      | Reached skill level 1 in Short Blades
  1973 | D:2      | Reached skill level 1 in Long Blades
  1973 | D:2      | Reached skill level 1 in Axes
  1973 | D:2      | Reached skill level 1 in Maces & Flails
  1973 | D:2      | Reached skill level 1 in Polearms
  1973 | D:2      | Reached skill level 1 in Staves
  1973 | D:2      | Reached skill level 1 in Ranged Weapons
  1973 | D:2      | Reached skill level 1 in Throwing
  1973 | D:2      | Reached skill level 1 in Armour
  1973 | D:2      | Reached skill level 1 in Shields
  1973 | D:2      | Reached skill level 1 in Unarmed Combat
  1973 | D:2      | Reached skill level 1 in Evocations
  2191 | D:3      | Reached XP level 4. HP: 32/32 MP: 8/11
  2301 | D:3      | Reached skill level 1 in Hexes
  2301 | D:3      | Reached skill level 1 in Summonings
  2301 | D:3      | Reached skill level 1 in Necromancy
  2301 | D:3      | Reached skill level 1 in Translocations
  2301 | D:3      | Reached skill level 1 in Transmutations
  2301 | D:3      | Reached skill level 1 in Ice Magic
  2301 | D:3      | Reached skill level 1 in Air Magic
  2301 | D:3      | Reached skill level 1 in Earth Magic
  2301 | D:3      | Reached skill level 1 in Poison Magic
  2626 | D:3      | Found a large runed translucent door.
  2627 | D:3      | Found a large runed translucent door.
  2748 | D:3      | You fall into a shaft and drop 1 floor!
  2791 | D:4      | Reached XP level 5. HP: 37/37 MP: 9/12
  2938 | D:3      | Found a faded altar of an unknown god.
  3148 | D:3      | Found a glowing golden altar of the Shining One.
  3184 | D:3      | Found a stormy altar of Qazlal.
  3864 | D:4      | Learned a level 2 spell: Scorch
  3868 | D:4      | Learned a level 3 spell: Kindle Blastsparks
  4054 | D:5      | Entered Level 5 of the Dungeon
  4115 | D:5      | Reached skill level 5 in Dodging
  4115 | D:5      | Reached XP level 6. HP: 44/44 MP: 8/14
  4276 | D:5      | Identified the +1 scale mail "Mijet" {Stlth+}
  4510 | D:5      | Found Teexes's Weapon Emporium.
  4534 | D:5      | Reached XP level 7. HP: 50/50 MP: 10/15
  5085 | D:5      | Found a staircase to the Ecumenical Temple.
  5113 | D:5      | Reached skill level 5 in Stealth
  5864 | D:6      | Identified the +2 robe of Contentment {Str+4 Stlth+}
  5960 | D:6      | Reached XP level 8. HP: 58/58 MP: 7/16
  5978 | D:6      | Reached skill level 6 in Spellcasting
  6236 | D:6      | Noticed Menkaure
  6241 | D:6      | Killed Menkaure
  6491 | D:6      | Reached XP level 9. HP: 57/65 MP: 6/18
  7051 | D:7      | HP: 3/66 [poisoned by a killer bee]
  7427 | D:7      | Reached skill level 5 in Invocations
  7871 | D:7      | Reached skill level 7 in Spellcasting
  8202 | D:8      | Learned a level 4 spell: Summon Lightning Spire
  8217 | D:8      | Reached skill level 5 in Fighting
  8217 | D:8      | Reached skill level 5 in Short Blades
  8217 | D:8      | Reached skill level 5 in Long Blades
  8217 | D:8      | Reached skill level 5 in Axes
  8217 | D:8      | Reached skill level 5 in Maces & Flails
  8217 | D:8      | Reached skill level 5 in Polearms
  8217 | D:8      | Reached skill level 5 in Staves
  8217 | D:8      | Reached skill level 5 in Ranged Weapons
  8217 | D:8      | Reached skill level 5 in Throwing
  8217 | D:8      | Reached skill level 5 in Armour
  8217 | D:8      | Reached skill level 5 in Shields
  8217 | D:8      | Reached skill level 5 in Unarmed Combat
  8217 | D:8      | Reached skill level 5 in Evocations
  8217 | D:8      | Reached XP level 10. HP: 74/74 MP: 2/20
  8303 | Temple   | Entered the Ecumenical Temple
  8540 | Temple   | Became a worshipper of Warmaster Okawaru
  8674 | D:8      | Reached * piety under Okawaru
  8677 | D:8      | Reached skill level 5 in Conjurations
  8993 | D:8      | Reached ** piety under Okawaru
 10466 | D:8      | Learned a level 4 spell: Passage of Golubria
 10471 | D:8      | Learned a level 4 spell: Cause Fear
 10666 | D:9      | Noticed a kobold demonologist
 10667 | D:9      | Noticed a kobold demonologist
 10684 | D:9      | Killed a kobold demonologist
 10886 | D:9      | Killed a kobold demonologist
 10886 | D:9      | Reached *** piety under Okawaru
 10887 | D:9      | Reached skill level 5 in Hexes
 10887 | D:9      | Reached skill level 5 in Summonings
 10887 | D:9      | Reached skill level 5 in Necromancy
 10887 | D:9      | Reached skill level 5 in Translocations
 10887 | D:9      | Reached skill level 5 in Transmutations
 10887 | D:9      | Reached skill level 5 in Ice Magic
 10887 | D:9      | Reached skill level 5 in Air Magic
 10887 | D:9      | Reached skill level 5 in Earth Magic
 10887 | D:9      | Reached skill level 5 in Poison Magic
 10887 | D:9      | Reached XP level 11. HP: 79/81 MP: 2/22
 11015 | D:9      | Found a staircase to the Orcish Mines.
 11025 | D:9      | Reached skill level 8 in Spellcasting
 11208 | D:9      | Noticed a two-headed ogre
 11212 | D:9      | Killed a two-headed ogre
 11212 | D:9      | Received a gift from Okawaru
 12344 | D:9      | Noticed a deep elf pyromancer
 12354 | D:9      | Killed a deep elf pyromancer
 12354 | D:9      | Reached **** piety under Okawaru
 12471 | Orc:1    | Entered Level 1 of the Orcish Mines
 12479 | D:9      | Learned a level 4 spell: Flame Wave
 13721 | D:10     | Entered Level 10 of the Dungeon
 13805 | D:10     | Found a flagged portal.
 13815 | Bailey   | Entered a bailey
 13846 | Bailey   | Noticed an orc warlord
 14128 | Bailey   | Found a runed translucent gate.
 14128 | Bailey   | Found a runed translucent gate.
 14128 | Bailey   | Found a runed translucent gate.
 14269 | Bailey   | Killed an orc warlord
 14269 | Bailey   | Reached ***** piety under Okawaru
 14333 | Bailey   | Acquired the +1 buckler of the Lotus Blossom {rF+}
 14565 | D:10     | Noticed a two-headed ogre
 14575 | D:10     | Killed a two-headed ogre
 14575 | D:10     | Received a gift from Okawaru
 14579 | D:10     | Reached XP level 12. HP: 36/91 MP: 9/24
 14603 | D:10     | Received a gift from Okawaru
 15178 | D:10     | Received a gift from Okawaru
 15185 | D:10     | Reached skill level 9 in Spellcasting
 15216 | D:10     | Noticed Maggie
 15305 | D:10     | Killed Maggie
 15936 | D:10     | Noticed a two-headed ogre
 15936 | D:10     | Noticed a stone giant
 15947 | D:10     | Killed a two-headed ogre
 15959 | D:10     | Hit by a large rock thrown by a stone giant

Illustrated notes

Levels and vault maps discovered:
D:1:      giann_horns, layout_basic, minmay_misc_feat_ornament,
          serial_park_tiny_2
D:2:      layout_rooms, minivault_19
D:3:      layout_basic, jmf_multi_god_temple2,
          shapermc_ecumenical_altar_mp_urbaneastern, feat_on_display
D:4:      layout_cave_pools, roderic_serpentine_path
D:5:      layout_cave_pools, minmay_temple_entry_glassed_door, serial_shops,
          nicolae_shop_advertising_works [nicolae_subvault_shop_adworks],
          serial_gnoll_camp, gnoll_camp_mini_hut, gnoll_camp_mini_house,
          gnoll_camp_mini_doghouse, gnoll_camp_mini_hut, roderic_roman_lattice
D:6:      layout_gridville, uniq_menkaure
D:7:      layout_gridville
D:8:      cheibrodos_two_vegetables, layout_basic
D:9:      layout_loops_cross, orc_0_dummy, guppyfry_early_elven_hall
D:10:     nzn_winding_woodlands_stair_cross [nzn_winding_woodlands_5x15_eye,
          nzn_winding_woodlands_center_garden,
          nzn_winding_woodlands_5x15_crooked, nzn_winding_woodlands_hourglass,
          nzn_winding_woodlands_5x5_three, nzn_winding_woodlands_5x15_default,
          nzn_winding_woodlands_center_diamonds,
          nzn_winding_woodlands_5x15_river_crossing], layout_irregular_city,
          enter_bailey_3, chequers_serial_rivers_large_a, nrook_campfire,
          uniq_maggie
Temple:   nicolae_temple_slightly_damp_pantheon
Orc:1:    layout_caves

Skill      XL: |  1  2  3  4  5  6  7  8  9 10 11 12 |
---------------+-------------------------------------+-----
Conjurations   | 2 3 4 5 6 |  6.6
Spellcasting   | 5 6 7 8 9 |  9.1
Invocations    | 1 2 3 4 5 6 7 8 |  8.2
Fighting       | 1 2 3 4 5 6 7 |  7.5
Short Blades   | 1 2 3 4 5 6 7 |  7.5
Long Blades    | 1 2 3 4 5 6 7 |  7.5
Axes           | 1 2 3 4 5 6 7 |  7.5
Maces & Flails | 1 2 3 4 5 6 7 |  7.5
Polearms       | 1 2 3 4 5 6 7 |  7.5
Staves         | 1 2 3 4 5 6 7 |  7.5
Ranged Weapons | 1 2 3 4 5 6 7 |  7.5
Throwing       | 1 2 3 4 5 6 7 |  7.5
Armour         | 1 2 3 4 5 6 7 |  7.5
Shields        | 1 2 3 4 5 6 7 |  7.5
Unarmed Combat | 1 2 3 4 5 6 7 |  7.5
Evocations     | 1 2 3 4 5 6 7 |  7.5
Hexes          | 1 2 3 4 5 6 |  6.2
Summonings     | 1 2 3 4 5 6 |  6.2
Necromancy     | 1 2 3 4 5 6 |  6.2
Translocations | 1 2 3 4 5 6 |  6.2
Transmutations | 1 2 3 4 5 6 |  6.2
Ice Magic      | 1 2 3 4 5 6 |  6.2
Air Magic      | 1 2 3 4 5 6 |  6.2
Earth Magic    | 1 2 3 4 5 6 |  6.2
Poison Magic   | 1 2 3 4 5 6 |  6.2
Dodging        | 5 6 7 8 |  8.9
Stealth        | 5 6 7 8 |  8.7
Fire Magic     | 6 7 8 |  8.4

Action                   |  1- 3 |  4- 6 |  7- 9 | 10-12 || total
-------------------------+-------+-------+-------+-------++-------
Melee: Unarmed           |    61 |       |       |       ||    61
       Bite              |     8 |     5 |     5 |    13 ||    31
       Dagger            |     7 |    36 |    53 |    52 ||   148
       Punch             |     1 |       |     2 |     3 ||     6
       Trident           |       |       |       |    82 ||    82
       Falchion          |       |       |       |    27 ||    27
       Broad axe         |       |       |       |    19 ||    19
Throw: Boomerang         |       |       |       |     1 ||     1
 Cast: Foxfire           |    87 |   129 |    38 |    27 ||   281
       Scorch            |       |     5 |    93 |   179 ||   277
       Kindle Blastspark |       |       |     1 |     4 ||     5
       Summon Lightning  |       |       |     1 |       ||     1
       Flame Wave        |       |       |       |    19 ||    19
       Passage of Golubr |       |       |       |     2 ||     2
Invok: Heroism           |       |       |       |     4 ||     4
       Finesse           |       |       |       |     1 ||     1
Evoke: Wand              |       |       |       |     6 ||     6
  Use: Scroll            |       |    10 |     5 |    10 ||    25
       Potion            |       |       |     3 |     4 ||     7
 Stab: Sleeping          |       |     1 |     1 |     4 ||     6
Armor: Robe              |    12 |     8 |    12 |    76 ||   108
       Scale mail        |       |    13 |     9 |       ||    22
Dodge: Dodged            |    39 |    31 |    59 |   223 ||   352
Block: Buckler           |       |       |       |    28 ||    28

Table legend: (Time is in decaauts)
 A = Elapsed time spent in this place.
 B = Non-inter-level travel time spent in this place.
 C = Inter-level travel time spent in this place.
 D = Time resting spent in this place.
 E = Time spent auto-exploring this place.
 F = Levels seen in this place.
 G = Mean time per level.
                   A        B        C        D        E       F      G
               +--------+--------+--------+--------+--------+-----+--------+
         Total |  15968 |  15329 |    639 |   2430 |  10493 |  13 | 1228.3 |
       Dungeon |  14376 |  13808 |    568 |   2430 |   9399 |  10 | 1437.6 |
        Temple |    256 |    205 |     51 |      0 |    184 |   1 |  256.0 |
  Orcish Mines |    740 |    721 |     19 |      0 |    615 |   1 |  740.0 |
        Bailey |    595 |    595 |      0 |      0 |    295 |   1 |  595.0 |
               +--------+--------+--------+--------+--------+-----+--------+

Top non-repeatable levels by time:
     D:9: 2329 daAuts
     D:8: 2328 daAuts
     D:5: 1786 daAuts
    D:10: 1653 daAuts
     D:1: 1271 daAuts
     D:7: 1189 daAuts
     D:3: 1101 daAuts
     D:6: 1004 daAuts
     D:4: 869 daAuts
     D:2: 842 daAuts
   Orc:1: 740 daAuts
  Bailey: 595 daAuts
  Temple: 256 daAuts
